 Dungeon Crawl Stone Soup version 0.18.1-50-g88ac8fd (webtiles) character file.

107 recordrepeat the Shield-Bearer (level 4, -2/40 HPs)
             Began as a Hill Orc Fighter on Oct 29, 2016.
             Slain by an ice beast (5 damage)
             ... on level 5 of the Dungeon.
             The game lasted 00:04:59 (2154 turns).

recordrepeat the Shield-Bearer (Hill Orc Fighter)   Turns: 2154, Time: 00:05:00

Health: -2/40      AC:  7    Str: 19    XL:     4   Next: 86%
Magic:  4/4        EV:  7    Int:  8    God:
Gold:   147        SH:  9    Dex: 10    Spells: 0 memorised, 3 levels left

rFire  . . .     SeeInvis .     a - +0 war axe
rCold  . . .     Gourm    .     b - +0 scale mail
rNeg   . . .     Faith    .     c - +0 shield
rPois  .         Spirit   .     (no helmet)
rElec  .         Dismiss  .     (no cloak)
rCorr  .         Reflect  .     (no gloves)
SustAt .         Harm     .     (no boots)
MR     .....                    (no amulet)
Stlth  ..........               (no ring)
                                (no ring)

@: not resistant to hostile enchantments, extremely unstealthy
A: no striking features
a: no special abilities


You were on level 5 of the Dungeon.
You were not hungry.

You visited 1 branch of the dungeon, and saw 5 of its levels.

You collected 147 gold pieces.

Inventory:

Hand Weapons
 a - a +0 war axe (weapon)
Armour
 b - a +0 scale mail (worn)
 c - a +0 shield (worn)
 s - a +0 large shield
Scrolls
 e - a scroll of teleportation {unknown}
 h - 3 scrolls of identify {unknown}
 i - 2 scrolls of enchant armour {unknown}
 j - a scroll of blinking {unknown}
 l - a scroll of noise {unknown}
 m - 4 scrolls of remove curse {unknown}
 n - a scroll of amnesia {unknown}
 p - 2 scrolls of fog {unknown}
 q - a scroll of immolation {unknown}
 x - a scroll of enchant weapon {unknown}
Potions
 d - 2 potions of might
 k - 2 potions of brilliance {unknown}
 o - a potion of resistance {unknown}
 r - 4 potions of curing {unknown}
 u - a potion of ambrosia {unknown}
 v - 2 potions of degeneration {unknown}
 w - a potion of beneficial mutation {unknown}
Comestibles
 f - 3 bread rations
 t - a meat ration


   Skills:
 + Level 4.0 Fighting
 + Level 3.4 Axes
 + Level 4.3 Armour
 + Level 0.4 Dodging
 + Level 0.1 Stealth
 + Level 4.3 Shields


You had 3 spell levels left.
You didn't know any spells.

Dungeon Overview and Level Annotations

Branches:
Dungeon (6/15)
 Temple: D:4-7

Altars:
Sif Muna


Message History

You hit the ice beast.
The ice beast is moderately wounded.
The ice beast barely misses you.
You slash the ice beast!
The ice beast is severely wounded.
The ice beast hits you. The ice beast freezes you! The ice beast hits you.
The ice beast freezes you!
* * * LOW HITPOINT WARNING * * *
You hit the ice beast.
The ice beast is severely wounded.
The ice beast barely misses you.
You closely miss the ice beast.
The ice beast is severely wounded.
The ice beast closely misses you.
Your shield prevents you from hitting the ice beast.
The ice beast is severely wounded.
The ice beast hits you.
* * * LOW HITPOINT WARNING * * *
The ice beast freezes you.
You die...

#.......#
####.......#
#..........#
#......>...#
#..........#
####....>..#
#.......#
#.......####.#.##
#......Y@........
#.......#########
#.##.#### #.....
#....Y. #.......
#........
##........


You could see an ice beast.

Vanquished Creatures
  A giant frog skeleton (D:6)
  3 adders (D:2)
  A worm (D:2)
  2 dart slugs
  A giant gecko (D:1)
  A ball python (D:5)
  3 giant cockroaches
  6 goblins
  5 hobgoblins
  2 jackals (D:1)
  A quokka (D:2)
  3 bats
  8 kobolds (D:1)
  A quokka skeleton (D:5)
  3 rats
41 creatures vanquished.

Notes
Turn   | Place    | Note
--------------------------------------------------------------
     0 | D:1      | recordrepeat the Hill Orc Fighter began the quest for the Orb.
     0 | D:1      | Reached XP level 1. HP: 19/19 MP: 1/1
     8 | D:1      | Noticed an electric eel
   172 | D:1      | Reached XP level 2. HP: 21/27 MP: 2/2
   719 | D:1      | Reached XP level 3. HP: 29/33 MP: 3/3
  1384 | D:2      | Reached XP level 4. HP: 28/40 MP: 4/4
  1892 | D:2      | Found a deep blue altar of Sif Muna.
  2004 | D:3      | You fall through a shaft for 3 floors!
  2118 | D:5      | Entered Level 5 of the Dungeon
  2134 | D:5      | Noticed an ice beast
  2154 | D:5      | Slain by an ice beast

Skill      XL: |  1  2  3  4 |
---------------+-------------+-----
Axes           | 3 |  3.4
Shields        | 4 |  4.3
Armour         | 4 |  4.3
Fighting       | 4 |  4.0
Dodging        | |  0.4
Stealth        | |  0.1

Action                   |  1- 3 |  4- 6 || total
-------------------------+-------+-------++-------
Melee: War axe           |   103 |    51 ||   154
  Eat: Chunk             |     2 |     2 ||     4
Armor: Scale mail        |    45 |    16 ||    61
Dodge: Dodged            |    22 |    18 ||    40
Block: Shield            |    46 |    27 ||    73
